 Dungeon Crawl Stone Soup version 0.30-a0-900-g23479c02f2 (webtiles) character file.

Game seed: 14562706471796598908

8818 Zeldest the Fighter (level 11, -4/99 HPs)
             Began as a Meteoran Summoner on Mar 18, 2023.
             Slain by a wyvern (10 damage)
             ... on level 10 of the Dungeon.
             The game lasted 00:31:44 (4503 turns).

Zeldest the Fighter (Meteoran Summoner)             Turns: 4503, Time: 00:31:45

Health: -4/99      AC:  4    Str: 15    XL:     11   Next: 93%
Magic:  14/19      EV: 12    Int: 21    God:
Gold:   459        SH:  0    Dex: 16    Spells: 12/20 levels left

rFire   + . .      SeeInvis .    f - +0 hand axe (elec)
rCold   . . .      Faith    .    (no shield)
rNeg    . . .      Spirit   .    G - +2 robe {Will+}
rPois   .          Reflect  .    (no helmet)
rElec   .          Rampage  .    (no cloak)
rCorr   .                        (no gloves)
Will    ++...                    (no boots)
Stlth   +                        g - amulet of magic regeneration
HPRegen 0.36/turn                n - ring of protection from fire
MPRegen 0.56/turn                t - +6 ring of strength

@: glowing
A: sense surroundings 2, otherworldly, glowing, explore regen
a: no special abilities


You were on level 10 of the Dungeon.
You visited 1 branch of the dungeon, and saw 12 of its levels.

You collected 459 gold pieces.

Inventory:

Hand Weapons
 f - a +0 hand axe of electrocution (weapon)
 p - a +0 executioner's axe
Missiles
 e - a curare-tipped dart
Armour
 a - a +2 robe of cold resistance
 G - a +2 robe of willpower (worn)
 I - a +0 tower shield
Magical Staves
 v - a staff of conjuration
Jewellery
 g - an amulet of magic regeneration (around neck)
 n - a ring of protection from fire (left hand)
 t - a +6 ring of strength (right hand)
Wands
 l - a wand of mindburst (24)
 o - a wand of polymorph (3)
 x - a wand of paralysis (9)
Scrolls
 c - a scroll of enchant weapon {unknown}
 d - 4 scrolls of teleportation
 h - a scroll of amnesia {unknown}
 i - 2 scrolls of blinking {unknown}
 k - a scroll of summoning {unknown}
 q - 5 scrolls of fog {unknown}
 s - 3 scrolls of noise {unknown}
 u - a scroll of magic mapping
 w - 2 scrolls of brand weapon {unknown}
 y - a scroll of enchant armour {unknown}
 E - 2 scrolls of fear
 F - a scroll of torment {unknown}
 J - a scroll of immolation {unknown}
Potions
 b - a potion of magic
 j - a potion of mutation
 m - 2 potions of cancellation
 r - a potion of ambrosia
 z - a potion of berserk rage
 A - a potion of lignification {unknown}
 B - a potion of brilliance {unknown}
 C - a potion of degeneration {unknown}
 D - 2 potions of haste {unknown}
 K - a potion of attraction {unknown}
 L - a potion of might
 M - a potion of heal wounds
Miscellaneous
 H - a lightning rod (4/4)


   Skills:
 + Level 9.8 Fighting
 - Level 5.1 Axes
 - Level 2.4 Dodging
 - Level 1.4 Stealth
 - Level 5.0 Spellcasting
 + Level 5.9 Conjurations
 - Level 9.0 Summonings
 + Level 9.4 Ice Magic
 + Level 2.8 Air Magic
 - Level 8.0 Evocations


You had 12 spell levels left.
You knew the following spells:

 Your Spells              Type           Power      Damage    Failure   Level
a - Summon Small Mammal   Summ           100%       N/A       1%          1
b - Call Canine Familiar  Summ           43%        N/A       1%          3
c - Summon Lightning Spi  Summ/Air       30%        N/A       10%         4

Your spell library contained the following spells:

 Spells                   Type           Power      Damage    Failure   Level
 Call Imp                 Summ           43%        N/A       1%          2
 Summon Guardian Golem    Hex/Summ       24%        N/A       4%          3
 Dazzling Flash           Conj/Hex       34%        N/A       10%         3
 Apportation              Tloc           10%        N/A       11%         1
 Necrotise                Necr           20%        1d5       11%         1
 Freezing Cloud           Conj/Ice/Air   15%        6-21      26%         5
 Silence                  Hex/Air        5%         N/A       86%         5
 Simulacrum               Ice/Necr       12%        N/A       94%         6
 Agony                    Necr           5%         N/A       96%         5
 Polar Vortex             Ice            22%        N/A       100%        9


Dungeon Overview and Level Annotations

Branches:
Dungeon (12/15) Zot: 2639    Lair (0/5) D:10
 Temple: D:4-7          Orc: D:9-12

Altars:
Gozag
Okawaru
Zin

Shops:
D:4 :   D:8 (

Annotations:
D:6 1 runed translucent door, AverageBear's ghost, novice OpFi
D:8 3 runed translucent doors


Innate Abilities, Weirdness & Mutations

You passively map the area around you.
You are easily found by Zot.
You glow in the dark.
You regain HP and MP as you explore.


Message History

The wyvern barely misses you.
You closely miss the wyvern.
The wyvern is heavily wounded.
Your wolf bites the wyvern but does no damage.
The wyvern bites you! The wyvern bites your lightning spire.
An iguana comes into view.
Your wolf bites the wyvern.
Your lightning spire shoots out a bolt of lightning at the wyvern!
The bolt of electricity hits the wyvern!
You hit the wyvern.
The wyvern is severely wounded.
The wyvern bites you!
* * * LOW HITPOINT WARNING * * *
Your wolf bites the wyvern.
The wyvern bites your lightning spire but does no damage.
The iguana hisses menacingly.
The wyvern barely misses your wolf.
The wyvern barely misses your lightning spire.
Your wolf bites the wyvern!
The wyvern dies!
The komodo dragon bites your lightning spire but does no damage.
Casting: Summon Lightning Spire (dangerous; 10% risk of failure)
Confirm with . or Enter, or press ? or * to list all spells.
Okay, then.
Casting: Summon Lightning Spire (dangerous; 10% risk of failure)
Confirm with . or Enter, or press ? or * to list all spells.
The komodo dragon bites your lightning spire!
Your wolf bites the komodo dragon.
The wyvern bites you.
* * * LOW HITPOINT WARNING * * *
Your wolf bites the komodo dragon but does no damage.
Your wolf bites the komodo dragon!
Aiming: Paralyse
Press: ? - help, Shift-Dir - straight line, f - wyvern
Aim: a wyvern (moderately wounded, ally target, chance to affect: 67%)
The wyvern struggles to resist.
The wyvern bites you!
* * * LOW HITPOINT WARNING * * *
Your wolf bites the komodo dragon but does no damage.
The yak gores your lightning spire. The yak gores your quokka.
Your quokka misses the wyvern. The wyvern bites you!
You die...

, > , .........#
...........# ,,
.PP........# ,
......$....# ,
.....,.....* , ......
... , ,....Y.##'# ,
*#h8l)r############ **
, *#...Yl@..........#
,#.....############.##
* #.##.** #.# * * , #,
,,* #.# , , * *
#########.## , * * ,
#.....>....# , , *
,#.########## , , , *
* * * ,*


You could see a komodo dragon (ally target), 2 yaks, a wyvern (ally target), a
friendly wolf (summoned), a friendly lightning spire (summoned) and a friendly
quokka (summoned).

Vanquished Creatures
  A centaur warrior (D:8)
  An ugly thing (D:12)
  A troll (D:9)
  A wyvern (D:9)
  3 yaks (D:8)
  A steam dragon (D:8)
  2 vampire mosquitoes (D:12)
  A water moccasin (D:5)
  An ice beast (D:6)
  An ogre (D:5)
  A centaur (D:9)
  A bullfrog (D:7)
  5 scorpions
  A killer bee (D:9)
  2 orc priests
  2 hounds (D:5)
  3 sleepcaps
  2 iguanas (D:5)
  An orc wizard (D:4)
  3 gnolls (D:5)
  5 adders
  A shadow imp (D:7)
  A white imp (D:7)
  An ufetubus (D:7)
  2 dart slugs
  7 orcs
  3 endoplasms (D:1)
  2 giant cockroaches
  A hobgoblin (D:1)
  2 quokkas
  2 ball pythons (D:1)
  6 bats
  A rat (D:3)
68 creatures vanquished.

Vanquished Creatures (collateral kills)
  A cyclops (D:12)
  A manticore (D:12)
  A gargoyle (D:10)
  Sigmund (D:3)
  3 wyverns
  2 shadows
  A wraith (D:12)
  3 yaks (D:8)
  A vampire (D:6)
  2 vampire mosquitoes (D:12)
  5 water moccasins
  An ice beast (D:7)
  An orc warrior (D:6)
  A sky beast (D:7)
  A kobold brigand (D:8)
  3 bullfrogs
  2 gnoll sergeants (D:8)
  3 scorpions
  5 wights
  5 killer bees (D:9)
  A howler monkey (D:6)
  A jelly (D:6)
  7 orc priests
  4 hounds
  5 orc wizards (D:8)
  3 iguanas (D:5)
  A sleepcap (D:5)
  4 adders
  9 gnolls
  A shadow imp (D:3)
  3 ufetubi
  3 dart slugs
  22 orcs
  2 ball pythons
  4 endoplasms
  2 giant cockroaches
  5 hobgoblins
  A jackal (D:3)
  A quokka (D:5)
  9 bats
  2 frilled lizards
  4 goblins
  12 kobolds
  3 rats (D:1)
152 creatures vanquished.

Vanquished Creatures (others)
  15 fungi
  4 plants (D:10)
19 creatures vanquished.

Grand Total: 239 creatures vanquished

Notes
Turn   | Place    | Note
-------+----------+-------------------------------------------
     0 | D:1      | Zeldest the Meteoran Summoner began the quest for the Orb.
     0 | D:1      | Reached XP level 1. HP: 14/14 MP: 5/5
    78 | D:1      | Reached XP level 2. HP: 17/22 MP: 6/6
    92 | D:1      | Reached skill level 5 in Summonings
   107 | D:1      | Reached skill level 1 in Fighting
   137 | D:1      | Reached XP level 3. HP: 27/28 MP: 8/8
   167 | D:1      | Learned a level 3 spell: Call Canine Familiar
   327 | D:2      | Reached XP level 4. HP: 36/36 MP: 8/10
   342 | D:2      | Reached XP level 5. HP: 32/42 MP: 10/12
   638 | D:3      | Reached XP level 6. HP: 47/50 MP: 13/13
   737 | D:3      | Noticed Sigmund
   763 | D:4      | Reached skill level 1 in Axes
   763 | D:4      | Reached skill level 1 in Ice Magic
  1020 | D:5      | Entered Level 5 of the Dungeon
  1034 | D:5      | Reached XP level 7. HP: 52/57 MP: 15/15
  1039 | D:5      | Reached skill level 5 in Spellcasting
  1046 | D:5      | Noticed a water moccasin
  1060 | D:5      | Killed a water moccasin
  1139 | D:5      | Reached XP level 8. HP: 25/66 MP: 16/16
  1420 | D:6      | Reached skill level 5 in Fighting
  1468 | D:6      | Found a runed translucent door.
  1470 | D:6      | Noticed AverageBear's ghost (novice OpFi)
  1492 | D:6      | Gained mutation: You passively map the area around you.
                  | [Meteoran growth]
  1492 | D:6      | Reached XP level 9. HP: 66/74 MP: 17/17
  1519 | D:6      | Learned a level 4 spell: Summon Lightning Spire
  1525 | D:6      | Reached skill level 5 in Axes
  1594 | D:6      | Reached skill level 1 in Evocations
  1600 | D:6      | Reached skill level 5 in Ice Magic
  1929 | D:8      | Found a runed translucent gate.
  1929 | D:8      | Found an opulent altar of Gozag.
  1929 | D:8      | Found a runed translucent gate.
  1930 | D:8      | Found a runed translucent gate.
  1930 | D:8      | Noticed a manticore
  1930 | D:8      | Noticed a boulder beetle
  2047 | D:7      | Found an iron altar of Okawaru.
  2070 | D:7      | Reached XP level 10. HP: 84/84 MP: 18/18
  2456 | D:3      | Killed Sigmund
  2630 | D:8      | Reached skill level 5 in Evocations
  2690 | D:8      | Found Ywochamu's Weapon Boutique.
  2713 | D:8      | Reached skill level 1 in Conjurations
  2891 | D:9      | Reached XP level 11. HP: 64/95 MP: 19/19
  3287 | D:8      | Noticed a centaur warrior
  3294 | D:8      | Killed a centaur warrior
  3947 | D:4      | Found Webb's Vocational Training.
  4043 | D:5      | Found a glowing silver altar of Zin.
  4311 | D:9      | You fall into a shaft and drop 3 floors!
  4330 | D:12     | Reached skill level 5 in Conjurations
  4399 | D:12     | Noticed a green ugly thing
  4409 | D:12     | Killed a green ugly thing
  4410 | D:12     | Reached skill level 1 in Air Magic
  4432 | D:12     | Noticed a cyclops
  4438 | D:12     | Noticed a manticore
  4443 | D:12     | Killed a cyclops
  4449 | D:12     | Killed a manticore
  4458 | D:12     | Noticed a boulder beetle
  4470 | D:10     | Entered Level 10 of the Dungeon
  4503 | D:10     | Slain by a wyvern

Illustrated notes

Levels and vault maps discovered:
D:1:      ncdulo_wetmaze, layout_rooms
D:2:      cheibrodos_pilgrimage, layout_basic, serial_shops,
          nicolae_square_shop, minmay_split_cup_large
D:3:      layout_rooms, kennysheep_cluttered_room,
          chequers_serial_rivers_micro_b, minmay_diced_spiral, uniq_sigmund
D:4:      layout_gridville, temple_hall, nicolae_shop_vocational
D:5:      old_forge, layout_loops_cross, zin_academy
D:6:      layout_basic, ebering_ghost_reflecting_pool
D:7:      layout_cave_pools, kennysheep_mini_moat
D:8:      layout_loops_ring, ebering_ghost_gozag, serial_shops, shop
D:9:      layout_rooms, evilmike_minifort
D:10:     layout_basic, minmay_lair_entry_grove, serial_shops, shop,
          serial_bayou_pond_d, uniq_maurice
D:11:     layout_gridville, david_orc_5, serial_park_tiny_pond,
          trog_hazing_becter
D:12:     layout_rooms

Skill      XL: |  1  2  3  4  5  6  7  8  9 10 11 |
---------------+----------------------------------+-----
Spellcasting   | 3 4 5 |  5.0
Summonings     | 5 6 7 8 9 |  9.0
Fighting       | 1 2 3 4 5 6 8 9 |  9.8
Axes           | 2 3 4 5 |  5.1
Ice Magic      | 2 3 4 6 8 9 |  9.4
Evocations     | 3 6 8 |  8.0
Conjurations   | 2 5 |  5.9
Air Magic      | 2 |  2.8
Dodging        | |  2.4
Stealth        | |  1.4

Action                     |  1- 3 |  4- 6 |  7- 9 | 10-12 || total
---------------------------+-------+-------+-------+-------++-------
  Melee: Dagger            |     7 |       |       |       ||     7
         Unarmed           |     2 |       |       |       ||     2
         Hand axe          |    20 |    49 |   112 |   132 ||   313
         Punch             |       |       |     2 |     4 ||     6
   Cast: Summon Small Mamm |    13 |    21 |    17 |    18 ||    69
         Call Canine Famil |     5 |    12 |    22 |    34 ||    73
         Summon Lightning  |       |       |     5 |    19 ||    24
  Evoke: Wand              |       |     1 |     2 |     4 ||     7
         Lightning rod     |       |       |       |     1 ||     1
    Use: Scroll            |       |     2 |     2 |     5 ||     9
         Potion            |       |       |     1 |     1 ||     2
   Stab: Held in net/web   |       |       |     1 |       ||     1
         Distracted        |       |       |       |     2 ||     2
         Paralysed         |       |       |       |     5 ||     5
 Armour: Robe              |    16 |    20 |    24 |    32 ||    92
         Leather armour    |       |       |       |     3 ||     3
  Dodge: Dodged            |    27 |    56 |    85 |    82 ||   250

Table legend: (Time is in decaauts)
 A = Elapsed time spent in this place.
 B = Non-inter-level travel time spent in this place.
 C = Inter-level travel time spent in this place.
 D = Time resting spent in this place.
 E = Time spent auto-exploring this place.
 F = Levels seen in this place.
 G = Mean time per level.
                   A        B        C        D        E       F      G
               +--------+--------+--------+--------+--------+-----+--------+
         Total |   4559 |   4033 |    526 |     92 |      0 |  12 |  379.9 |
       Dungeon |   4559 |   4033 |    526 |     92 |      0 |  12 |  379.9 |
               +--------+--------+--------+--------+--------+-----+--------+

Top non-repeatable levels by time:
     D:5: 953 daAuts
     D:6: 687 daAuts
     D:8: 505 daAuts
     D:7: 474 daAuts
     D:4: 454 daAuts
     D:9: 436 daAuts
     D:3: 393 daAuts
     D:2: 250 daAuts
     D:1: 210 daAuts
    D:12: 153 daAuts
    D:10: 33 daAuts
    D:11: 5 daAuts
